[Event "Titled Tuesday Blitz August 17 2021"]
[White "Nayem, Haque"]
[Black "Costachi, Mihnea"]
[WhiteFideId "10217754"]
[BlackFideId "1217518"]
[WhiteElo "1982"]
[BlackElo "2482"]
[Result "0-1"]
[Round "05"]
[TimeControl "180+1"]
[Date "2021.08.17"]
[WhiteClock "0:01:33"]
[BlackClock "0:01:47"]

1. d4 c5 2. c3 Nf6 3. Nf3 cxd4 4. cxd4 d5 5. g3 Nc6 6. Bg2 Bf5 7. Nc3 e6 8. O-O h6 9. a3 Bd6 10. e3 O-O 11. b4 Rc8 12. Bb2 Ne4 13. Rc1 a5 14. b5 Nb8 15. Qa4 Nd7 16. Nh4 Rc4 17. Qd1 Nxc3 18. Rxc3 Rxc3 19. Bxc3 Bh7 20. Qd2 b6 21. Rc1 Bxa3 22. Bb2 Bb4 23. Bc3 Bd6 24. Bb2 Qb8 25. Rc6 Rc8 26. Qc1 Rxc6 27. bxc6 Qc7 28. cxd7 Qxd7 29. Nf3 f6 30. Nd2 b5 31. e4 dxe4 32. Nxe4 Bxe4 33. Bxe4 a4 34. Bc6 Qa7 35. Bxb5 a3 36. Ba1 Qa5 37. Bc4 Kf7 38. Qe3 Qf5 39. Kg2 h5 40. h4 g6 41. Qb3 Qe4+ 42. Qf3 Qb1 43. Qb7+ Qxb7+ 0-1


[Site "https://www.chess.com"]

[Event "Titled Tuesday Blitz August 17 2021"]
[White "Nguyen, Hong Anh"]
[Black "Nemeth Junior, Henrique"]
[WhiteFideId "12406732"]
[BlackFideId "2118815"]
[WhiteElo "1974"]
[BlackElo "1976"]
[Result "0-1"]
[Round "05"]
[TimeControl "180+1"]
[Date "2021.08.18"]
[WhiteClock "0:00:00"]
[BlackClock "0:00:16"]

1. d4 Nf6 2. c4 c5 3. Nf3 e6 4. g3 a6 5. Bg2 cxd4 6. Nxd4 Qc7 7. b3 Be7 8. O-O Nc6 9. Bb2 b6 10. Nxc6 dxc6 11. Nd2 Bb7 12. Nf3 c5 13. Be5 Qc8 14. Qc2 O-O 15. Rad1 Rd8 16. Rxd8+ Bxd8 17. Rd1 Bc7 18. Bxf6 gxf6 19. Qc3 Kg7 20. Qe3 Qe8 21. Nh4 Bxg2 22. Nxg2 Rd8 23. Rf1 Rd4 24. Nh4 Qd7 25. Nf3 Rd1 26. Qe4 f5 27. Qc2 Rxf1+ 28. Kxf1 Bd8 29. Qd3 Qxd3 30. exd3 Bf6 31. Ke2 Kf8 32. Ne1 Ke7 33. Ng2 e5 34. Ne3 Ke6 35. Nd5 Bd8 36. Ke3 h5 37. h4 b5 38. f4 f6 39. Kf3 Ba5 40. a3 bxc4 41. dxc4 e4+ 42. Ke2 Bd8 43. Ne3 Ba5 44. Nc2 Bc3 45. Ne3 Bd4 46. Nd5 Kd6 47. b4 Kc6 48. Ne7+ Kb6 49. Nxf5 Bb2 50. bxc5+ Kxc5 51. Ng7 Kxc4 52. Nxh5 Bxa3 53. Nxf6 Kd4 54. h5 Bf8 55. Ng8 a5 56. h6 a4 57. Kd1 Ke3 58. h7 Bg7 59. Ne7 a3 60. Nf5+ Kf3 61. Nxg7 e3 62. h8=Q e2+ 0-1


[Site "https://www.chess.com"]

[Event "Titled Tuesday Blitz August 17 2021"]
[White "Nguyen, Thien Ngan"]
[Black "Seul, Georg"]
[WhiteFideId "12414816"]
[BlackFideId "4601653"]
[WhiteElo "1917"]
[BlackElo "2332"]
[Result "0-1"]
[Round "05"]
[TimeControl "180+1"]
[Date "2021.08.18"]
[WhiteClock "0:00:10"]
[BlackClock "0:00:12"]

1. e4 e5 2. Nf3 Nc6 3. Bc4 Nf6 4. d3 Bc5 5. c3 d6 6. O-O a6 7. Bb3 Ba7 8. Nbd2 h6 9. Re1 O-O 10. Nf1 Be6 11. Bc2 Re8 12. Ng3 Qd7 13. h3 Rad8 14. d4 exd4 15. cxd4 d5 16. e5 Ne4 17. Bf4 Nxg3 18. Bxg3 Bf5 19. Rc1 Bxc2 20. Rxc2 Nb4 21. Rce2 Nxa2 22. Qb3 c5 23. Qxa2 cxd4 24. Rd1 Qb5 25. Red2 Rc8 26. Nxd4 Bxd4 27. Rxd4 Rc2 28. R4d2 Rec8 29. Qxd5 Qxd5 30. Rxd5 Rxb2 31. Rd8+ Rxd8 32. Rxd8+ Kh7 33. f4 Kg6 34. Rd7 a5 35. h4 h5 36. Kh2 a4 37. Rd4 b5 38. Rd6+ Kf5 39. Ra6 Rb3 40. Ra5 a3 41. Kh3 b4 42. e6+ Kxe6 43. f5+ Kd7 44. Kh2 f6 45. Ra7+ Kc6 46. Rxg7 a2 47. Ra7 Ra3 48. Rc7+ Kb6 49. Rc1 a1=Q 50. Bf2+ Kb7 51. Rxa1 Rxa1 52. Bd4 Ra6 53. g3 b3 54. Kh3 Rb6 55. Bb2 Rc6 56. g4 hxg4+ 57. Kxg4 Kc7 58. Kh5 Kd7 59. Kg6 Rc2 60. Bxf6 b2 61. Bxb2 Rxb2 62. h5 Ke7 63. h6 Rg2+ 64. Kh7 Kf7 65. Kh8 Ra2 66. f6 Ra6 67. Kh7 Rxf6 68. Kh8 Rxh6# 0-1


[Site "https://www.chess.com"]

[Event "Titled Tuesday Blitz August 17 2021"]
[White "Obolentseva, Alexandra"]
[Black "Firat, Burak"]
[WhiteFideId "24153648"]
[BlackFideId "6305881"]
[WhiteElo "2113"]
[BlackElo "2531"]
[Result "0-1"]
[Round "05"]
[TimeControl "180+1"]
[Date "2021.08.17"]
[WhiteClock "0:00:05"]
[BlackClock "0:00:12"]

1. d4 Nf6 2. c4 e6 3. Nc3 Bb4 4. Qc2 b6 5. e4 c5 6. d5 Qe7 7. Be2 exd5 8. exd5 O-O 9. Nf3 Re8 10. O-O d6 11. Bd3 Bg4 12. Bg5 Nbd7 13. Rae1 Qf8 14. Nd2 a6 15. a3 Bxc3 16. Qxc3 Bh5 17. Ne4 Nxe4 18. Bxe4 f5 19. Bc2 Be2 20. Qh3 g6 21. f4 Bxf1 22. Rxf1 Re2 23. Rf2 Rae8 24. Rxe2 Rxe2 25. Qd3 Qe8 26. Kf1 Re3 27. Qd2 Kf7 28. Kf2 Re4 29. Bxe4 Qxe4 30. Qe2 Qxe2+ 31. Kxe2 b5 32. b3 Nb6 33. Kd3 b4 34. axb4 cxb4 35. Bd8 Nd7 36. Ba5 Nc5+ 37. Kc2 g5 38. Bxb4 Ne4 39. fxg5 Kg6 40. h4 Kh5 41. g3 Kg4 42. Be1 a5 43. c5 dxc5 44. Bxa5 Kxg3 45. h5 Nxg5 46. d6 Ne6 47. d7 f4 48. d8=Q Nxd8 49. Bxd8 f3 50. Kd2 f2 51. Bh4+ Kxh4 52. Ke2 Kg3 53. Kf1 Kf3 54. h6 Ke3 55. Kg2 Ke2 56. Kg3 f1=Q 57. Kg4 Qf3+ 58. Kg5 Qxb3 59. Kf6 Qd3 60. Kg7 c4 61. Kh8 c3 62. Kg7 c2 63. Kh8 c1=Q 64. Kg7 Qcc3+ 65. Kg8 Qd7 66. Kf8 Qh8# 0-1


[Site "https://www.chess.com"]

[Event "Titled Tuesday Blitz August 17 2021"]
[White "Ovetchkin, Roman"]
[Black "Laurusas, Tomas"]
[WhiteFideId "4119991"]
[BlackFideId "12803731"]
[WhiteElo "2432"]
[BlackElo "2542"]
[Result "0-1"]
[Round "05"]
[TimeControl "180+1"]
[Date "2021.08.17"]
[WhiteClock "0:00:02"]
[BlackClock "0:00:03"]

1. d4 d5 2. c4 e6 3. Nf3 a6 4. g3 dxc4 5. Bg2 b5 6. Ne5 Ra7 7. a4 Bb7 8. Nf3 Ra8 9. O-O Nf6 10. Bg5 Nbd7 11. axb5 axb5 12. Nc3 b4 13. Na4 h6 14. Bxf6 Nxf6 15. Qc2 Bd5 16. Rfd1 Be7 17. Ne5 Bxg2 18. Kxg2 Qd5+ 19. Kg1 Bd6 20. Nxc4 O-O 21. b3 Rab8 22. f3 h5 23. e4 Qb5 24. e5 Bxe5 25. dxe5 Nd5 26. Qe4 Rfd8 27. Qd4 g6 28. Qc5 Qe8 29. Rd2 Nc3 30. Rc2 Rd3 31. Rf1 Nxa4 32. bxa4 Qxa4 33. Nb2 Qb3 34. Nxd3 Qxd3 35. Rb2 b3 36. Qf2 Rb5 37. Rc1 Rxe5 38. Kg2 h4 39. gxh4 Rf5 40. Rxc7 Kh7 41. Qe2 Qd4 42. Rc4 Qb6 0-1


[Site "https://www.chess.com"]

[Event "Titled Tuesday Blitz August 17 2021"]
[White "Ozen, Bahadir"]
[Black "Kamsky, Gata"]
[WhiteFideId "6337058"]
[BlackFideId "2000024"]
[WhiteElo "2503"]
[BlackElo "2644"]
[Result "0-1"]
[Round "05"]
[TimeControl "180+1"]
[Date "2021.08.17"]
[WhiteClock "0:00:02"]
[BlackClock "0:00:15"]

1. Nf3 Nf6 2. g3 g6 3. Bg2 Bg7 4. O-O O-O 5. d4 d5 6. c4 c6 7. cxd5 cxd5 8. Nc3 e6 9. Bf4 Nc6 10. Ne5 Bd7 11. Nxc6 Bxc6 12. Be5 Qe7 13. Qd2 Rfe8 14. Rac1 Rac8 15. Rfd1 Bf8 16. Rc2 Nd7 17. Bf4 Nb6 18. b3 Bg7 19. Bh6 Bxh6 20. Qxh6 Qf6 21. Qd2 Rcd8 22. Rdc1 Nc8 23. Qd3 Nd6 24. e3 Rc8 25. Ne2 Bb5 26. Qd2 Bxe2 27. Qxe2 Qe7 28. Rxc8 Rxc8 29. Rxc8+ Nxc8 30. Qc2 Nd6 31. Bf1 Kg7 32. Bd3 Qd7 33. Kg2 b6 34. Qc3 f6 35. f3 Qc8 36. Qxc8 Nxc8 37. Kf2 Nd6 38. e4 dxe4 39. fxe4 e5 40. dxe5 fxe5 41. Ke3 a5 42. a3 Kf6 43. h3 h6 44. Kf3 Kg5 45. Be2 Nb7 46. b4 axb4 47. axb4 Nd8 48. h4+ Kf6 49. Ke3 Nc6 50. b5 Na5 51. Bd1 Nc4+ 52. Kf3 Nd6 53. Be2 g5 54. Ke3 gxh4 55. gxh4 Ke6 56. Kf3 Kf6 57. Ke3 Nc8 58. Kf3 Ne7 59. Kg4 Ng6 60. Bd3 Nf4 61. Bc4 h5+ 62. Kf3 Ke7 63. Bb3 Kd6 64. Bf7 Ke7 65. Bc4 Kd6 66. Bf7 Kc5 67. Be8 Kc4 68. Bd7 Kd4 69. Be8 Kc5 70. Bd7 Ng6 71. Be8 Nf4 72. Bd7 Kd6 73. Be8 Ke7 74. Bc6 Ne6 75. Ke3 Nd4 76. Bd5 Nxb5 77. Bc4 Nd4 78. Bf1 Ne6 79. Be2 Nf4 80. Bc4 Kd6 81. Bf7 Kc5 82. Kd2 Kd4 0-1


[Site "https://www.chess.com"]

[Event "Titled Tuesday Blitz August 17 2021"]
[White "Paravyan, David"]
[Black "Svane, Rasmus"]
[WhiteFideId "4194985"]
[BlackFideId "4657101"]
[WhiteElo "2562"]
[BlackElo "2669"]
[Result "1-0"]
[Round "05"]
[TimeControl "180+1"]
[Date "2021.08.17"]
[WhiteClock "0:01:39"]
[BlackClock "0:00:03"]

1. e4 e5 2. Nf3 Nc6 3. Nc3 Nf6 4. d4 exd4 5. Nxd4 Bb4 6. Nxc6 bxc6 7. Bd3 O-O 8. O-O d5 9. exd5 cxd5 10. h3 Be6 11. a3 Bd6 12. Nb5 Bc5 13. b4 Bb6 14. Bb2 c5 15. bxc5 Bxc5 16. Bd4 Qe7 17. Re1 a6 18. Bxc5 Qxc5 19. Nd4 Bd7 20. Qd2 Bb5 21. Qb4 Qxb4 22. axb4 Bxd3 23. cxd3 Rfb8 24. Ra4 g6 25. Rea1 Nd7 26. b5 Nc5 27. R4a3 Rb6 28. Rc1 Ne6 29. Rc6 Rxc6 30. Nxc6 Kf8 31. Rxa6 Rxa6 32. bxa6 Ke8 33. Nb4 Nc7 34. a7 d4 35. Nc6 Kd7 36. Nxd4 Kc8 37. Nb5 Na8 38. Nd6+ Kc7 39. Nxf7 Kb6 40. Ng5 h5 41. Ne6 Kxa7 42. Nf4 1-0


[Site "https://www.chess.com"]

[Event "Titled Tuesday Blitz August 17 2021"]
[White "Patrascu, Catalin-Lucian"]
[Black "Garriga Cazorla, Pere"]
[WhiteFideId "1229052"]
[BlackFideId "32011601"]
[WhiteElo "2120"]
[BlackElo "2430"]
[Result "0-1"]
[Round "05"]
[TimeControl "180+1"]
[Date "2021.08.17"]
[WhiteClock "0:00:02"]
[BlackClock "0:00:15"]

1. e4 c5 2. Nf3 Nc6 3. d4 cxd4 4. Nxd4 Qb6 5. Nf3 Nf6 6. Bd3 e6 7. O-O d6 8. Nbd2 Qc7 9. Nc4 a6 10. Bg5 Be7 11. a4 b6 12. Qe2 O-O 13. Rad1 Bb7 14. e5 dxe5 15. Ncxe5 Nb4 16. c3 Nxd3 17. Rxd3 Rad8 18. Rfd1 Rxd3 19. Rxd3 Rd8 20. h3 h6 21. Bc1 Rxd3 22. Qxd3 Ne4 23. Be3 Nc5 24. Bxc5 Bxc5 25. Qd7 Bd6 26. Qe8+ Bf8 27. b4 a5 28. bxa5 bxa5 29. Qb5 Bd5 30. c4 Be4 31. Nd4 Qc5 32. Qxc5 Bxc5 33. Nb3 Bb4 34. c5 f6 35. Nc4 Bd5 36. Ncxa5 Kf7 37. c6 Ke7 38. c7 Kd7 0-1


[Site "https://www.chess.com"]

[Event "Titled Tuesday Blitz August 17 2021"]
[White "Perez Gormaz, Matias"]
[Black "Seo, Jung Min"]
[WhiteFideId "3406342"]
[BlackFideId "1734687"]
[WhiteElo "2352"]
[BlackElo "2486"]
[Result "0-1"]
[Round "05"]
[TimeControl "180+1"]
[Date "2021.08.17"]
[WhiteClock "0:00:01"]
[BlackClock "0:00:51"]

1. e4 g6 2. d4 Bg7 3. Nf3 d6 4. c3 Nd7 5. Bc4 e6 6. O-O Ne7 7. Nbd2 b6 8. a4 a6 9. Re1 Bb7 10. Bd3 O-O 11. Nf1 c5 12. Be3 Nc6 13. Qd2 Qc7 14. Rac1 Rfe8 15. Ng3 Nf6 16. Bh6 Qe7 17. Bg5 Qc7 18. Qf4 Nd7 19. Qh4 Rac8 20. Bh6 Qd8 21. Bg5 Qc7 22. Bh6 Qd8 23. Bg5 f6 24. Be3 Qe7 25. Bc4 Na5 26. Ba2 c4 27. Nd2 d5 28. exd5 exd5 29. Bb1 f5 30. Qxe7 Rxe7 31. Bg5 Ree8 32. Nf3 Bc6 33. Bc2 Nb3 34. Bxb3 cxb3 35. Ne2 Bxa4 36. Nf4 Bc6 37. Nd3 Bb5 38. Nb4 Bc4 39. Nd2 a5 40. Nxc4 dxc4 41. Nd5 Kf7 42. Ne3 h6 43. Bh4 g5 44. Nxf5 gxh4 45. Nd6+ Kf8 46. Nxe8 Rxe8 47. Rxe8+ Kxe8 48. Re1+ Kf7 49. Re4 b5 0-1


[Site "https://www.chess.com"]

[Event "Titled Tuesday Blitz August 17 2021"]
[White "Perez Rodriguez, Luis Manuel"]
[Black "Rodriguez Hernandez, Luis Daniel"]
[WhiteFideId "3503364"]
[BlackFideId "3506770"]
[WhiteElo "2429"]
[BlackElo "2133"]
[Result "0-1"]
[Round "05"]
[TimeControl "180+1"]
[Date "2021.08.17"]
[WhiteClock "0:01:33"]
[BlackClock "0:02:54"]

1. e4 e5 2. Nf3 Nc6 3. Bb5 a6 4. Ba4 Nf6 5. O-O b5 6. Bb3 Bb7 7. c3 Nxe4 8. d4 exd4 9. Re1 d5 10. Ng5 Qf6 11. Bxd5 Qxf2+ 12. Kh1 O-O-O 13. Nxe4 Qf5 14. c4 bxc4 15. Bxc4 Ne5 16. Nbd2 Nxc4 17. Nxc4 Bxe4 0-1


[Site "https://www.chess.com"]

[Event "Titled Tuesday Blitz August 17 2021"]
[White "Pert, Richard G"]
[Black "Ivanisevic, Ivan"]
[WhiteFideId "404748"]
[BlackFideId "912417"]
[WhiteElo "2441"]
[BlackElo "2499"]
[Result "1/2-1/2"]
[Round "05"]
[TimeControl "180+1"]
[Date "2021.08.17"]
[WhiteClock "0:00:05"]
[BlackClock "0:00:17"]

1. d4 d5 2. c4 c6 3. Nc3 Nf6 4. Nf3 e6 5. Bg5 h6 6. Bxf6 Qxf6 7. e3 g6 8. Qc2 Bg7 9. Bd3 O-O 10. O-O Nd7 11. cxd5 exd5 12. h3 Qd6 13. Rab1 a5 14. a3 Nb6 15. b4 axb4 16. axb4 Be6 17. b5 c5 18. dxc5 Qxc5 19. Ne2 Rfc8 20. Qxc5 Rxc5 21. Ned4 Ra3 22. Be2 Na4 23. Ra1 Rxa1 24. Rxa1 Nc3 25. Ra8+ Kh7 26. Bd3 Bd7 27. Rb8 Bxb5 28. Nxb5 Nxb5 29. Rxb7 Nd6 30. Rd7 Rc6 31. g4 Bf6 32. h4 Kg7 33. g5 hxg5 34. hxg5 Bc3 35. Kg2 Kf8 36. Ra7 Ke8 37. Be2 Kd8 38. Bd3 Rc7 39. Ra6 Ke7 40. Ra8 Nb7 41. Be2 Nc5 42. Bd1 Rb7 43. Ra3 Bb2 44. Ra2 Kd6 45. Bc2 Ne6 46. Bd1 Kc5 47. Ra5+ Kc4 48. Be2+ Kc3 49. Rxd5 Bc1 50. Rd3+ Kc2 51. Nd4+ Nxd4 52. Rxd4 Bb2 53. Rd5 Re7 54. Bf3 Be5 55. Kh3 Kc3 56. Kg4 Kc4 57. Ra5 Bc3 58. Rd5 Be1 59. Kg3 Rxe3 60. Kg2 Re7 61. Rd6 Kc3 62. Rf6 Bd2 63. Bd5 Bxg5 64. Rxf7 Rxf7 65. Bxf7 Bh4 66. Bxg6 Bxf2 1/2-1/2


[Site "https://www.chess.com"]

[Event "Titled Tuesday Blitz August 17 2021"]
[White "Pichot, Alan"]
[Black "Garcia Garcia, Alejandro"]
[WhiteFideId "110973"]
[BlackFideId "3516334"]
[WhiteElo "2622"]
[BlackElo "2131"]
[Result "1/2-1/2"]
[Round "05"]
[TimeControl "180+1"]
[Date "2021.08.17"]
[WhiteClock "0:00:10"]
[BlackClock "0:00:08"]

1. e4 c5 2. Nf3 e6 3. d4 cxd4 4. Nxd4 Nc6 5. Nc3 Nf6 6. a3 Be7 7. Be2 O-O 8. Be3 d5 9. exd5 Nxd5 10. Nxd5 Qxd5 11. Bf3 Qa5+ 12. b4 Qc7 13. Nxc6 bxc6 14. c4 Bf6 15. Ra2 Bc3+ 16. Bd2 Qe5+ 17. Qe2 Bxd2+ 18. Rxd2 Qa1+ 19. Qd1 Qxa3 20. b5 Qc5 21. O-O Bb7 22. Rd7 Rab8 23. Qd3 a6 24. h3 axb5 25. cxb5 Ba8 26. bxc6 Bxc6 27. Rc7 Rbc8 28. Rxc8 Rxc8 29. Bxc6 Qxc6 30. Rd1 g6 31. Qd4 h5 32. Qf6 Rf8 33. Re1 Qc5 34. Qe5 Qxe5 35. Rxe5 Kg7 36. Ra5 Kf6 37. h4 Rb8 38. g3 Rb7 39. Kg2 e5 40. Ra8 Kf5 41. Ra6 f6 42. Rc6 Rb4 43. Ra6 Rc4 44. Ra5 Rc3 45. Ra6 Rb3 46. Ra5 g5 47. hxg5 Kxg5 48. Ra8 Rb7 49. Rg8+ Kh6 50. Rh8+ Kg6 51. Ra8 Rb4 52. Rg8+ Kf7 53. Rh8 Kg6 54. Rg8+ Kh6 55. Rh8+ Kg5 56. Rg8+ Kf5 57. Rh8 Kg5 58. Rg8+ Kh6 59. Rh8+ Kg6 60. Rg8+ 1/2-1/2


[Site "https://www.chess.com"]

[Event "Titled Tuesday Blitz August 17 2021"]
[White "Piesik, Piotr"]
[Black "Chernov, Mikhail"]
[WhiteFideId "1136194"]
[BlackFideId "24143170"]
[WhiteElo "2395"]
[BlackElo "2244"]
[Result "1-0"]
[Round "05"]
[TimeControl "180+1"]
[Date "2021.08.18"]
[WhiteClock "0:00:49"]
[BlackClock "0:00:15"]

1. Nf3 c5 2. g3 Nc6 3. Bg2 e5 4. O-O g6 5. c4 Bg7 6. Nc3 d6 7. Ne1 Be6 8. d3 Nge7 9. Nc2 d5 10. cxd5 Nxd5 11. Ne3 Nde7 12. Nc4 O-O 13. f4 Rb8 14. Nxe5 Nxe5 15. fxe5 Bxe5 16. Bh6 Bg7 17. Bxg7 Kxg7 18. Qd2 Nf5 19. Ne4 Qd4+ 20. Kh1 Ne3 21. Rf4 Nxg2 22. Kxg2 Rbd8 23. Rh4 h5 24. Rxh5 Rh8 25. Rxh8 Rxh8 26. Qc3 Bh3+ 27. Kf3 f5 28. Qxd4+ cxd4 29. Nf2 Bg4+ 30. Nxg4 fxg4+ 31. Kxg4 Rxh2 32. Kf3 Rh5 33. Rc1 Rb5 34. b3 Kf6 35. Rc4 Ke5 36. Kg4 Kd5 37. Kg5 Rb6 38. b4 Re6 39. Rc5+ Kd6 40. Rc2 b6 41. a4 Kd5 42. b5 Ke5 43. Kg4 Kd5 44. Kf3 Re3+ 45. Kf2 Re6 46. Rc7 Rf6+ 47. Ke1 Rf5 48. Rxa7 Kc5 49. Rc7+ Kb4 50. Rc6 Kxa4 51. Rxb6 Rg5 52. Kf2 Rf5+ 53. Kg2 Re5 54. Kf3 Re3+ 55. Kf2 Re5 56. Rxg6 Kxb5 57. g4 Kc5 58. Kf3 Re3+ 59. Kf2 Kd5 60. Rf6 Re8 61. Rf5+ Kd6 62. Rf3 Rg8 63. Rf4 Ke5 64. Re4+ Kd5 65. Kg3 Rg7 66. Kh4 Rg8 67. g5 Rh8+ 68. Kg4 Rg8 69. Kh5 Rh8+ 70. Kg6 Rg8+ 71. Kf6 Rf8+ 72. Kg7 1-0


[Site "https://www.chess.com"]

[Event "Titled Tuesday Blitz August 17 2021"]
[White "Politov, Pavel Y."]
[Black "Donatti, Alvaro"]
[WhiteFideId "24110515"]
[BlackFideId "3000303"]
[WhiteElo "2090"]
[BlackElo "2138"]
[Result "0-1"]
[Round "05"]
[TimeControl "180+1"]
[Date "2021.08.18"]
[WhiteClock "0:00:02"]
[BlackClock "0:00:04"]

1. d4 Nf6 2. c4 g6 3. Nc3 d5 4. cxd5 Nxd5 5. e4 Nxc3 6. bxc3 Bg7 7. Nf3 c5 8. Rb1 O-O 9. Be2 Qa5 10. Qd2 cxd4 11. cxd4 Qxd2+ 12. Bxd2 Nc6 13. Be3 Bg4 14. d5 Na5 15. Rc1 b6 16. Rc7 Rfc8 17. Rxe7 Nc4 18. Bxc4 Rxc4 19. h3 Bf6 20. Ne5 Rxe4 21. Nxg4 Bxe7 22. O-O f5 23. f3 Ra4 24. Ne5 Rxa2 25. Rd1 Bf6 26. Nc6 Kf7 27. d6 Rc2 28. Nb4 Re2 29. Bf2 a5 30. Nc6 a4 31. d7 a3 32. d8=Q Bxd8 33. Nxd8+ Ke8 34. Nc6 a2 35. Bd4 Rc8 36. Nb4 Rc4 37. Nxa2 Rxa2 38. Bxb6 Rcc2 39. Re1+ Kf7 40. Bd8 Rxg2+ 41. Kh1 Rh2+ 42. Kg1 Rhe2 43. Rc1 Rg2+ 44. Kh1 Rh2+ 45. Kg1 Rxh3 46. Rc7+ Ke6 47. Re7+ Kd6 48. f4 Rb3 49. Re1 h5 50. Bf6 Rf3 51. Be5+ Kd5 52. Rd1+ Ke4 53. Re1+ Kd3 54. Rd1+ Ke2 55. Rc1 Rg3+ 56. Kh1 Kf3 57. Rf1+ Kg4 58. Re1 Rgg2 59. Rd1 Rgd2 60. Rc1 h4 61. Rc6 Kf3 62. Rxg6 h3 63. Rg1 Rh2# 0-1


[Site "https://www.chess.com"]

[Event "Titled Tuesday Blitz August 17 2021"]
[White "Preotu, Razvan"]
[Black "Tari, Aryan"]
[WhiteFideId "2613280"]
[BlackFideId "1510045"]
[WhiteElo "2407"]
[BlackElo "2656"]
[Result "0-1"]
[Round "05"]
[TimeControl "180+1"]
[Date "2021.08.17"]
[WhiteClock "0:00:07"]
[BlackClock "0:00:08"]

1. e4 c6 2. Nc3 d5 3. Nf3 dxe4 4. Nxe4 Nf6 5. Qe2 Nxe4 6. Qxe4 Nd7 7. d4 Nf6 8. Qf4 g6 9. Bc4 Bg7 10. O-O O-O 11. Re1 Nd5 12. Qh4 Qd6 13. c3 Bf6 14. Ng5 h5 15. Qg3 Qxg3 16. hxg3 Bf5 17. f3 b5 18. Bb3 a5 19. Ne4 a4 20. Bxd5 cxd5 21. Nxf6+ exf6 22. a3 g5 23. Bd2 Kg7 24. Kf2 Kg6 25. Re7 Be6 26. Re1 Rfe8 27. Rb7 Rab8 28. Rc7 Rec8 29. Ra7 Rh8 30. Rc7 h4 31. gxh4 Rxh4 32. Kg3 f5 33. f4 Rg4+ 34. Kf3 Rh8 35. fxg5 Re4 36. Rxe4 fxe4+ 37. Kg3 Rh1 38. Rb7 Rd1 39. Bf4 Kf5 40. Be3 Re1 41. Kf2 Rb1 42. Rxb5 Kg4 43. Rb7 Bf5 44. Rb6 Bg6 45. Rb5 Bf5 46. Rb6 Rd1 47. Ke2 Rh1 48. Kf2 Be6 49. Rb8 Rb1 50. g6 fxg6 51. Rb6 Bf5 52. Rb5 g5 53. Rb4 Kh5 54. Kg3 Re1 55. Bf2 Rd1 56. Rxa4 Rd3+ 57. Kh2 e3 58. g3 exf2 59. Kg2 Rd2 60. Ra7 Be4+ 61. Kf1 Bd3+ 62. Kg2 f1=Q# 0-1


[Site "https://www.chess.com"]

[Event "Titled Tuesday Blitz August 17 2021"]
[White "Pultinevicius, Paulius"]
[Black "Oliveira, Silvio Eduardo"]
[WhiteFideId "12809390"]
[BlackFideId "2111560"]
[WhiteElo "2479"]
[BlackElo "2302"]
[Result "1-0"]
[Round "05"]
[TimeControl "180+1"]
[Date "2021.08.17"]
[WhiteClock "0:01:04"]
[BlackClock "0:00:01"]

1. e4 e5 2. Nf3 Nc6 3. Bb5 Nf6 4. O-O Nxe4 5. d4 Nd6 6. a4 e4 7. Ne5 Be7 8. Nc3 O-O 9. Re1 f6 10. Nc4 f5 11. Bf4 a6 12. Nxd6 Bxd6 13. Bc4+ Kh8 14. Bxd6 cxd6 15. Bd5 Qf6 16. a5 Qxd4 17. Qh5 Ne7 18. Rad1 Qf6 19. f3 exf3 20. Qxf3 Rb8 21. Qe3 Nc6 22. Qb6 Qd8 23. Na4 Nxa5 24. Qa7 Qc7 25. Re7 Nc6 26. Bxc6 Qxc6 27. Qxb8 Qxa4 28. Qc7 b5 29. Rde1 Qd4+ 30. Kh1 Qc5 31. Re8 Kg8 32. Rxf8+ 1-0


[Site "https://www.chess.com"]

[Event "Titled Tuesday Blitz August 17 2021"]
[White "Rastbod, Ali"]
[Black "Koellner, Ruben Gideon"]
[WhiteFideId "12567477"]
[BlackFideId "12993093"]
[WhiteElo "2226"]
[BlackElo "2512"]
[Result "0-1"]
[Round "05"]
[TimeControl "180+1"]
[Date "2021.08.17"]
[WhiteClock "0:00:02"]
[BlackClock "0:00:19"]

1. c4 d6 2. d4 e5 3. Nf3 e4 4. Ng5 f5 5. Nc3 Be7 6. Nh3 Nf6 7. Bg5 O-O 8. Nf4 c6 9. e3 Na6 10. h4 Nc7 11. d5 c5 12. a3 a6 13. b4 b6 14. Be2 h6 15. Bxf6 Bxf6 16. Qb3 Bd7 17. g3 Qe8 18. Rc1 g6 19. Kf1 Kg7 20. Kg2 Rb8 21. h5 g5 22. Ng6 Rg8 23. Qc2 Qf7 24. g4 Bxc3 25. Qxc3+ Qf6 26. Ne7 Rgf8 27. gxf5 Qxc3 28. Rxc3 Rf7 29. Nc6 Rbf8 30. Bg4 Bxf5 31. Bxf5 Rxf5 32. Rc2 Ne8 33. bxc5 bxc5 34. Rb1 R5f7 35. Rb8 Nf6 36. Rxf8 Rxf8 37. Rb2 Nxh5 38. Rb6 Nf6 39. Rxa6 Ng4 40. Ra7+ Kg6 41. Ne7+ Kh5 42. Rd7 Rxf2+ 43. Kg1 Kh4 44. Rxd6 Kg3 0-1


[Site "https://www.chess.com"]

[Event "Titled Tuesday Blitz August 17 2021"]
[White "Richter, Nils"]
[Black "Denishev, Marat"]
[WhiteFideId "12990809"]
[BlackFideId "24131563"]
[WhiteElo "2289"]
[BlackElo "2132"]
[Result "0-1"]
[Round "05"]
[TimeControl "180+1"]
[Date "2021.08.18"]
[WhiteClock "0:00:07"]
[BlackClock "0:00:04"]

1. e4 d5 2. exd5 Qxd5 3. Nc3 Qd6 4. d4 Nc6 5. d5 Ne5 6. Be2 a6 7. Nf3 Nf6 8. O-O g6 9. Qd4 Nxf3+ 10. Bxf3 Bg7 11. Bf4 c5 12. Qe3 Qb6 13. Na4 Qb4 14. Nxc5 O-O 15. Nd3 Qc4 16. Qc5 Qxc5 17. Nxc5 Nd7 18. Nd3 Nb6 19. Rad1 Bf5 20. b3 Bc3 21. Nc5 Rac8 22. Ne4 Bxe4 23. Bxe4 Nd7 24. d6 e5 25. Be3 Nc5 26. Bxc5 Rxc5 27. Bxb7 Rd8 28. Bxa6 Rc6 29. Bc4 Rcxd6 30. Rxd6 Rxd6 31. a4 Rd2 32. Bd3 f5 33. f3 Kf7 34. Rb1 Bb4 35. Ra1 Bc3 36. Ra2 Ba5 37. b4 Bxb4 38. a5 Bc5+ 39. Kf1 Rf2+ 40. Ke1 Rxg2 41. a6 Ba7 42. Rb2 Kf6 43. Rb7 Bd4 44. Rxh7 Rg1+ 45. Kd2 Ra1 46. Bc4 Kg5 47. Kd3 Kf4 48. Bd5 Ra3+ 49. Kd2 Rxa6 50. Rg7 g5 51. Rf7 Rd6 52. Bc4 Bg1+ 53. Ke2 Bxh2 54. Bd3 Kg3 55. Rxf5 Kg2 56. Rxg5+ Kh3 57. Rh5+ Kg3 58. Rxe5 Kf4 59. Rf5+ Kg3 60. Rg5+ Kh3 61. Rh5+ Kg2 62. c4 Bf4 63. c5 Re6+ 64. Kd1 Re3 65. Be4 Rc3 66. c6 Kf2 67. Rd5 Rc1# 0-1


[Site "https://www.chess.com"]

[Event "Titled Tuesday Blitz August 17 2021"]
[White "Sadykov, Ramil"]
[Black "Obregon, Andres Carlos"]
[WhiteFideId "24113590"]
[BlackFideId "111724"]
[WhiteElo "2300"]
[BlackElo "2572"]
[Result "0-1"]
[Round "05"]
[TimeControl "180+1"]
[Date "2021.08.17"]
[WhiteClock "0:00:01"]
[BlackClock "0:01:25"]

1. d4 Nf6 2. Nc3 d5 3. Bf4 a6 4. e3 c5 5. Nf3 cxd4 6. exd4 Nc6 7. Ne5 e6 8. Ne2 Nxe5 9. dxe5 Ne4 10. f3 Nc5 11. Nd4 Qb6 12. Rb1 g6 13. c3 Bg7 14. Qd2 Nd7 15. Bh6 Bxe5 16. Bd3 Bxd4 17. cxd4 Qxd4 18. Be3 Qe5 19. O-O O-O 20. Rbe1 Qd6 21. h4 e5 22. h5 Nf6 23. Bh6 Re8 24. Qg5 Nxh5 25. g4 Ng7 26. f4 e4 27. f5 Bd7 28. f6 Ne6 0-1


[Site "https://www.chess.com"]

[Event "Titled Tuesday Blitz August 17 2021"]
[White "Sapunov, Evgeny"]
[Black "Real De Azua, Ernesto"]
[WhiteFideId "4126661"]
[BlackFideId "108154"]
[WhiteElo "2470"]
[BlackElo "2476"]
[Result "1-0"]
[Round "05"]
[TimeControl "180+1"]
[Date "2021.08.17"]
[WhiteClock "0:00:26"]
[BlackClock "0:00:01"]

1. c4 Nf6 2. Nf3 b6 3. g3 Bb7 4. Bg2 g6 5. O-O Bg7 6. d4 O-O 7. d5 d6 8. Nc3 Nbd7 9. e4 c6 10. h3 Rc8 11. Re1 cxd5 12. cxd5 a6 13. a4 Nc5 14. e5 dxe5 15. Nxe5 Re8 16. Bg5 Qd6 17. Nc4 Qd8 18. d6 Bxg2 19. Kxg2 exd6 20. Rxe8+ Qxe8 21. Qf3 Nfe4 22. Bf4 Bxc3 23. bxc3 Qc6 24. Rd1 Nxc3 25. Rxd6 Qxf3+ 26. Kxf3 N3xa4 27. Nxb6 Nxb6 28. Rxb6 Ra8 29. Rc6 Ne6 30. Be5 h5 31. h4 a5 32. Bf6 Kf8 33. Ke2 Ke8 34. Kd1 Kd7 35. Rc4 a4 36. Kc1 Kd6 37. Kb1 Kd5 38. Rb4 Ra7 39. Ka2 Nc5 40. Ka3 Ne6 41. Ka2 Kd6 42. Ka3 Kd5 43. Rb8 Ke4 44. Rb2 Kf3 45. Rc2 Rc7 46. Rd2 Rc4 47. Rd7 Rc7 48. Rd2 Rb7 49. Be5 Rb3+ 50. Kxa4 Nc5+ 51. Ka5 Ne4 52. Rd7 Nxf2 53. Rxf7+ Kg2 54. Rg7 Ng4 55. Bf4 Ra3+ 56. Kb4 Ra6 57. Kb5 Re6 58. Kc5 Kf3 59. Kd5 Rf6 60. Rg8 Rf5+ 61. Ke6 Rf6+ 62. Ke7 Ke4 63. Ra8 Kf3 64. Ra5 Rc6 65. Rg5 Ke4 66. Kf7 Rf6+ 67. Kg7 Re6 68. Rxg6 1-0


[Site "https://www.chess.com"]